 Dungeon Crawl Stone Soup version 0.30-a0-167-g62a5988fa7 (webtiles) character file.

Game seed: 14761604122653450484

1279 qw the Cleaver (level 8, -3/50 HPs)
             Began as a Gargoyle Fighter on Sept 29, 2022.
             Was an Initiate of Okawaru.
             Slain by a yak (12 damage)
             ... on level 6 of the Dungeon.
             The game lasted 00:02:37 (5968 turns).

qw the Cleaver (Gargoyle Fighter)                   Turns: 5968, Time: 00:02:37

Health: -3/50      AC: 18    Str: 22    XL:     8   Next: 54%
Magic:  8/8        EV: 10    Int:  9    God:    Okawaru [......]
Gold:   238        SH:  4    Dex:  9    Spells: 7/7 levels left

rFire   . . .      SeeInvis +    Y - +0 war axe (elec)
rCold   . . .      Faith    .    c - +0 buckler
rNeg    + . .      Spirit   .    h - +0 plate armour
rPois   inf        Reflect  .    (no helmet)
rElec   +          Harm     .    (no cloak)
rCorr   .          Rampage  .    (no gloves)
Will    .....                    n - +0 pair of boots
Stlth   ..........               (no amulet)
HPRegen 0.16/turn                g - ring of see invisible
MPRegen 0.11/turn                o - +4 ring of evasion

@: no status effects
A: sickness immunity, AC +5, negative energy resistance 1, electricity
resistance, torment resistance 1, petrification resistance
a: Renounce Religion


You were on level 6 of the Dungeon.
You worshipped Okawaru.
Okawaru was noncommittal.
You visited 2 branches of the dungeon, and saw 7 of its levels.

You collected 238 gold pieces.


Innate Abilities, Weirdness & Mutations

You are immune to sickness and miasma.
Your stone body is resilient. (AC +5)
You are immune to poison.
You resist negative energy. (rN+)
You are resistant to electric shocks. (rElec)
You are resistant to unholy torment.
You are immune to petrification.


   Skills:
 + Level 5.6 Fighting
 - Level 8.0 Axes
 - Level 1.4 Throwing
 - Level 4.0 Armour
 - Level 1.1 Dodging
 - Level 3.2 Shields


You had 7 spell levels left.
You didn't know any spells.
Your spell library was empty.

Inventory:

Hand Weapons
 b - a +0 flail
 Y - a +0 war axe of electrocution (weapon)
Missiles
 p - 3 boomerangs (quivered)
Armour
 c - a +0 buckler (worn)
 h - a +0 plate armour (worn)
 n - a +0 pair of boots (worn)
Jewellery
 g - a ring of see invisible (left hand)
 o - a +4 ring of evasion (right hand)
 r - a ring of protection from cold
Scrolls
 a - a scroll of identify
 q - a scroll of teleportation
Potions
 d - a potion of might
 e - a potion of mutation {unknown}
 i - a potion of haste {unknown}
 j - a potion of cancellation {unknown}
 l - a potion of heal wounds {unknown}
 t - a potion of brilliance {unknown}

Dungeon Overview and Level Annotations

Branches:
Dungeon (6/15)             Temple (1/1) D:5

Altars:
Ashenzari
Cheibriados
Elyvilon
Fedhas
Gozag
Makhleb
Nemelex Xobeh
Okawaru
Qazlal
Ru
Sif Muna
Trog
Vehumet
Wu Jian
Xom
Yredelemnul
Zin
The Shining One

Shops:
D:2 :

Annotations:
D:2 1 runed translucent door, Crazy Yiuf


Message History

You slash the yak!
The yak is moderately wounded.
You block the yak's attack. You block the howler monkey's attack.
The yak gores you!
You hit the yak but do no damage.
The yak is moderately wounded.
You barely miss the howler monkey.
The howler monkey hits you but does no damage.
The yak gores you!
You hit the yak.
The yak is moderately wounded.
You closely miss the howler monkey. The howler monkey closely misses you.
You block the yak's attack.
The howler monkey hits you but does no damage.
You hit the yak but do no damage.
The yak is moderately wounded.
You barely miss the howler monkey. The howler monkey closely misses you.
You closely miss the yak.
The yak is moderately wounded.
You barely miss the howler monkey. You hit the yak.
The howler monkey hoots and howls with incredible vigour!
The yak gores you. The yak completely misses you.
You hear an angry hiss.
You hear a shout!
You hear a bark!
You hear a shout!
You hear an angry growl.
You hear a shout!
You hit the yak but do no damage.
The yak is moderately wounded.
You slash the howler monkey! You hit the yak but do no damage.
The howler monkey hits you but does no damage.
The yak gores you. The howler monkey barely misses you.
You closely miss the howler monkey.
The howler monkey is heavily wounded.
You barely miss the yak. You slash the yak! Lightning courses through the yak!!
The yak gores you but does no damage. The howler monkey hits you.
You hit the yak but do no damage.
The yak is almost dead.
You barely miss the howler monkey. You barely miss the yak. The yak gores you!
The yak barely misses you. You block the howler monkey's attack.
The yak gores you!
You die...

...... .. # .. .......
### #. ... ..... #.. ..
.... #+ #..# #.##..
....## #.###.#####....#
.8....###...............
#......###......##...##
##8..hY..'..#.#...>#.##
#...YY@###..'.##..<#...
.8...Y###....#.##.#.##..
....# #......#.##.#.#.##
... ######.#.##.#.#..#
.. #.#..........
#.#.#######..
#.#..........
#.#....#.##.#
#.#.##.#.##.#


You could see 4 yaks and a howler monkey.

Vanquished Creatures
  Sigmund (D:2)
  Menkaure (D:4)
  A phantom (D:5)
  2 necrophages (D:5)
  3 scorpions
  A howler monkey (D:5)
  A hound (D:5)
  A gnoll bouda (D:6)
  4 orc priests
  Jessica (D:3)
  3 orc wizards
  Natasha (thrice) (D:3)
  4 adders
  10 gnolls
  3 worms
  A dart slug (D:2)
  12 orcs
  10 endoplasms
  6 giant cockroaches
  8 goblins
  6 hobgoblins
  4 jackals (D:1)
  6 quokkas
  12 ball pythons
  3 bats
  2 frilled lizards
  6 kobolds
  6 rats
121 creatures vanquished.

Notes
Turn   | Place    | Note
-------+----------+-------------------------------------------
     0 | D:1      | qw the Gargoyle Fighter began the quest for the Orb.
     0 | D:1      | Reached XP level 1. HP: 14/14 MP: 1/1
     0 | D:1      | 0 ||| qw: Version: 0.2-a-12-gaebbb33
     0 | D:1      | 0 ||| qw: Game counter: 1077
     0 | D:1      | 0 ||| qw: Always use a shield: true
     0 | D:1      | 0 ||| qw: God list: Okawaru
     0 | D:1      | 0 ||| qw: Allow faded altars: false
     0 | D:1      | 0 ||| qw: Do Orc after D:15 true
     0 | D:1      | 0 ||| qw: Do second Lair branch before Depths: true
     0 | D:1      | 0 ||| qw: Lair rune preference: random
     0 | D:1      | 0 ||| qw: Plans: Normal, Zot:1-4, God:TSO, Crypt, Tomb,
                  | Pan, Slime:5, Hells, Abyss, Orb
     0 | D:1      | 0 ||| PLANNING D:1-11
    40 | D:1      | Reached skill level 2 in Axes
   185 | D:1      | Reached XP level 2. HP: 17/19 MP: 2/2
   431 | D:1      | 431 ||| Stepping ~*~*~tactically~*~*~ (stealth).
   432 | D:1      | 432 ||| Stepping ~*~*~tactically~*~*~ (stealth).
   459 | D:1      | 459 ||| Stepping ~*~*~tactically~*~*~ (stealth).
   461 | D:1      | 461 ||| Stepping ~*~*~tactically~*~*~ (stealth).
   481 | D:1      | HP: 4/19 [kobold/+0 club (4)]
   893 | D:1      | Reached skill level 3 in Axes
   994 | D:1      | 994 ||| UPGRADING to ring of see invisible.
   995 | D:1      | 995 ||| READING 2 scrolls labelled HURES MOATA.
   996 | D:1      | 996 ||| READING scroll labelled ZEGUMO JONGUXA.
  1014 | D:2      | 1014 ||| STAIRDANCE
  1052 | D:2      | Reached XP level 3. HP: 23/23 MP: 3/3
  1115 | D:2      | Noticed Sigmund
  1116 | D:2      | 1116 ||| Stepping ~*~*~tactically~*~*~ (hiding).
  1126 | D:2      | Killed Sigmund
  1127 | D:2      | Reached skill level 5 in Axes
  1127 | D:2      | Reached XP level 4. HP: 28/28 MP: 4/4
  1127 | D:2      | Reached XP level 5. HP: 32/32 MP: 5/5
  1188 | D:2      | Found a sacrificial altar of Ru.
  1273 | D:2      | Found a runed translucent door.
  1274 | D:2      | Noticed Crazy Yiuf
  1363 | D:2      | Found Hoqital's Vocational Training.
  1375 | D:2      | 1375 ||| DROPPING +0 club.
  1486 | D:2      | 1486 ||| Stepping ~*~*~tactically~*~*~ (hiding).
  1734 | D:2      | 1734 ||| READING 2 scrolls labelled KINNOH OSSE QOFF.
  1735 | D:2      | 1735 ||| DROPPING scroll of vulnerability.
  1774 | D:2      | 1774 ||| STAIRDANCE
  1778 | D:2      | 1778 ||| STAIRDANCE
  1782 | D:2      | 1782 ||| STAIRDANCE
  1786 | D:2      | 1786 ||| STAIRDANCE
  1790 | D:2      | 1790 ||| STAIRDANCE
  1794 | D:2      | 1794 ||| STAIRDANCE
  1798 | D:2      | 1798 ||| STAIRDANCE
  1802 | D:2      | 1802 ||| STAIRDANCE
  1806 | D:2      | 1806 ||| STAIRDANCE
  1810 | D:2      | 1810 ||| STAIRDANCE
  1814 | D:2      | 1814 ||| STAIRDANCE
  1818 | D:2      | 1818 ||| STAIRDANCE
  1822 | D:2      | 1822 ||| STAIRDANCE
  1826 | D:2      | 1826 ||| STAIRDANCE
  1830 | D:2      | 1830 ||| STAIRDANCE
  1834 | D:2      | 1834 ||| STAIRDANCE
  1838 | D:2      | 1838 ||| STAIRDANCE
  1842 | D:2      | 1842 ||| STAIRDANCE
  1846 | D:2      | 1846 ||| STAIRDANCE
  2015 | D:3      | Noticed Jessica
  2016 | D:3      | 2016 ||| Stepping ~*~*~tactically~*~*~ (hiding).
  2024 | D:3      | Killed Jessica
  2025 | D:3      | Reached XP level 6. HP: 35/38 MP: 6/6
  2070 | D:3      | 2070 ||| Stepping ~*~*~tactically~*~*~ (stealth).
  2072 | D:3      | 2072 ||| Stepping ~*~*~tactically~*~*~ (stealth).
  2073 | D:3      | 2073 ||| Stepping ~*~*~tactically~*~*~ (hiding).
  2076 | D:3      | 2076 ||| Stepping ~*~*~tactically~*~*~ (hiding).
  2077 | D:3      | 2077 ||| Stepping ~*~*~tactically~*~*~ (hiding).
  2094 | D:3      | HP: 8/38 [orc priest/+0 club (4)]
  2095 | D:3      | 2095 ||| READING scroll of teleportation.
  2398 | D:3      | 2398 ||| Stepping ~*~*~tactically~*~*~ (stealth).
  2400 | D:3      | 2400 ||| Stepping ~*~*~tactically~*~*~ (hiding).
  2403 | D:3      | Reached skill level 1 in Dodging
  2783 | D:3      | 2783 ||| FLEEEEING.
  2784 | D:3      | 2784 ||| FLEEEEING.
  2785 | D:3      | 2785 ||| FLEEEEING.
  2786 | D:3      | 2786 ||| FLEEEEING.
  2787 | D:3      | 2787 ||| FLEEEEING.
  2789 | D:3      | 2789 ||| FLEEEEING.
  2790 | D:3      | 2790 ||| FLEEEEING.
  2791 | D:3      | 2791 ||| FLEEEEING.
  2792 | D:3      | 2792 ||| FLEEEEING.
  2793 | D:3      | 2793 ||| FLEEEEING.
  2794 | D:3      | 2794 ||| FLEEEEING.
  2795 | D:3      | 2795 ||| FLEEEEING.
  2835 | D:3      | 2835 ||| FLEEEEING.
  2908 | D:3      | 2908 ||| Stepping ~*~*~tactically~*~*~ (hiding).
  2945 | D:3      | 2945 ||| Stepping ~*~*~tactically~*~*~ (hiding).
  2953 | D:3      | 2953 ||| Stepping ~*~*~tactically~*~*~ (stealth).
  2965 | D:3      | 2965 ||| Stepping ~*~*~tactically~*~*~ (stealth).
  2978 | D:3      | 2978 ||| Stepping ~*~*~tactically~*~*~ (hiding).
  3002 | D:3      | 3002 ||| Stepping ~*~*~tactically~*~*~ (stealth).
  3003 | D:3      | 3003 ||| Stepping ~*~*~tactically~*~*~ (stealth).
  3008 | D:3      | 3008 ||| Stepping ~*~*~tactically~*~*~ (stealth).
  3009 | D:3      | 3009 ||| Stepping ~*~*~tactically~*~*~ (stealth).
  3010 | D:3      | 3010 ||| Stepping ~*~*~tactically~*~*~ (stealth).
  3018 | D:3      | Noticed Natasha
  3029 | D:3      | Killed Natasha
  3030 | D:3      | Reached skill level 6 in Axes
  3034 | D:3      | Reached XP level 7. HP: 40/43 MP: 7/7
  3095 | D:3      | 3095 ||| Stepping ~*~*~tactically~*~*~ (stealth).
  3097 | D:3      | 3097 ||| Stepping ~*~*~tactically~*~*~ (stealth).
  3098 | D:3      | 3098 ||| Stepping ~*~*~tactically~*~*~ (stealth).
  3107 | D:3      | 3107 ||| Stepping ~*~*~tactically~*~*~ (stealth).
  3114 | D:3      | 3114 ||| Stepping ~*~*~tactically~*~*~ (stealth).
  3121 | D:3      | 3121 ||| FLEEEEING.
  3122 | D:3      | 3122 ||| FLEEEEING.
  3123 | D:3      | 3123 ||| FLEEEEING.
  3126 | D:3      | 3126 ||| FLEEEEING.
  3127 | D:3      | 3127 ||| FLEEEEING.
  3129 | D:3      | 3129 ||| FLEEEEING.
  3130 | D:3      | 3130 ||| FLEEEEING.
  3131 | D:3      | 3131 ||| FLEEEEING.
  3134 | D:3      | 3134 ||| FLEEEEING.
  3135 | D:3      | 3135 ||| FLEEEEING.
  3136 | D:3      | 3136 ||| FLEEEEING.
  3137 | D:3      | 3137 ||| FLEEEEING.
  3138 | D:3      | 3138 ||| FLEEEEING.
  3141 | D:3      | 3141 ||| FLEEEEING.
  3142 | D:3      | 3142 ||| FLEEEEING.
  3142 | D:3      | Noticed Natasha
  3151 | D:3      | Killed Natasha
  3222 | D:3      | Noticed Natasha
  3223 | D:3      | 3223 ||| FLEEEEING.
  3435 | D:3      | 3435 ||| UPGRADING to +1 chain mail of willpower.
  3445 | D:3      | 3445 ||| DROPPING +0 scale mail.
  3468 | D:3      | Killed Natasha
  3544 | D:4      | Found a white marble altar of Elyvilon.
  3551 | D:4      | Noticed Menkaure
  3560 | D:4      | HP: 8/43 [Menkaure (6)]
  3560 | D:4      | HP: 2/43 [Menkaure (6)]
  3561 | D:4      | Killed Menkaure
  3706 | D:4      | 3706 ||| Stepping ~*~*~tactically~*~*~ (stealth).
  3862 | D:4      | 3862 ||| DROPPING +0 whip.
  3924 | D:4      | Reached skill level 7 in Axes
  3989 | D:4      | 3989 ||| FLEEEEING.
  3990 | D:4      | 3990 ||| FLEEEEING.
  3991 | D:4      | 3991 ||| STAIRDANCE
  4103 | D:3      | 4103 ||| UPGRADING to +0 plate armour.
  4113 | D:3      | 4113 ||| DROPPING +1 chain mail of willpower.
  4240 | D:4      | Reached XP level 8. HP: 41/49 MP: 8/8
  4393 | D:4      | 4393 ||| UPGRADING to ring of protection from cold.
  4394 | D:4      | 4394 ||| READING scroll labelled GAMECY CIABYAV.
  4463 | D:5      | Entered Level 5 of the Dungeon
  4563 | D:5      | Found a staircase to the Ecumenical Temple.
  4564 | D:5      | 4564 ||| PLANNING TEMPLE
  4573 | Temple   | Entered the Ecumenical Temple
  4656 | Temple   | 4656 ||| PLANNING OKAWARU WORSHIP
  4665 | Temple   | Became a worshipper of Warmaster Okawaru
  4666 | Temple   | 4666 ||| PLANNING D:1-11
  4750 | D:5      | Identified the +3 leather armour of the Jabberwock {Dex+2}
  4861 | D:5      | Identified the +1 leather armour of Coashried {Rampage
                  | Str+5 Int+5}
  4895 | D:5      | Reached skill level 8 in Axes
  5103 | D:5      | Reached skill level 1 in Throwing
  5476 | D:5      | 5476 ||| UPGRADING to +0 pair of boots.
  5481 | D:5      | 5481 ||| DROPPING ring of see invisible.
  5482 | D:5      | 5482 ||| UPGRADING to +4 ring of evasion.
  5484 | D:5      | 5484 ||| READING 2 scrolls labelled PENNELI MEPHAK.
  5485 | D:5      | 5485 ||| READING scroll labelled JAEBBE ANLYF.
  5486 | D:5      | 5486 ||| DRINKING 2 brown potions.
  5487 | D:5      | 5487 ||| DROPPING potion of flight.
  5488 | D:5      | 5488 ||| DROPPING scroll of magic mapping.
  5514 | D:6      | 5514 ||| Stepping ~*~*~tactically~*~*~ (hiding).
  5517 | D:6      | 5517 ||| Stepping ~*~*~tactically~*~*~ (hiding).
  5601 | D:6      | 5601 ||| FLEEEEING.
  5602 | D:6      | 5602 ||| FLEEEEING.
  5603 | D:6      | 5603 ||| FLEEEEING.
  5604 | D:6      | 5604 ||| FLEEEEING.
  5605 | D:6      | 5605 ||| FLEEEEING.
  5606 | D:6      | 5606 ||| FLEEEEING.
  5607 | D:6      | 5607 ||| FLEEEEING.
  5608 | D:6      | 5608 ||| STAIRDANCE
  5710 | D:5      | 5710 ||| READING scroll labelled REOSU MAIL.
  5713 | D:6      | 5713 ||| STAIRDANCE
  5824 | D:6      | 5824 ||| STAIRDANCE
  5915 | D:6      | 5915 ||| Stepping ~*~*~tactically~*~*~ (stealth).
  5955 | D:6      | Noticed a yak
  5957 | D:6      | Noticed a yak
  5958 | D:6      | Noticed a yak
  5958 | D:6      | Noticed a yak
  5961 | D:6      | Noticed a yak
  5968 | D:6      | HP: 9/50 [yak (10)]
  5968 | D:6      | Slain by a yak

Levels and vault maps discovered:
D:1:      spicycebolla_arrival_ecumenical, layout_loops_cross,
          dreamdust_wishing_well
D:2:      layout_loops_ring, basic_altar, nicolae_shop_vocational, uniq_sigmund,
          uniq_crazy_yiuf_cottage
D:3:      layout_loops_cross, eino_curves_03, uniq_natasha, uniq_jessica
D:4:      layout_rooms, elyvilon_altar_5, uniq_menkaure
D:5:      layout_loops_corners, temple_pool_b
D:6:      layout_basic, minmay_overflow_temple_star_quad
Temple:   lightli_temple_of_artemis

Skill      XL: |  1  2  3  4  5  6  7  8 |
---------------+-------------------------+-----
Axes           | 2 3 5 6 7 8 |  8.0
Fighting       | 4 5 |  5.6
Dodging        | 1 |  1.1
Armour         | 4 |  4.0
Throwing       | 1 |  1.4
Shields        | |  3.2

Action                   |  1- 3 |  4- 6 |  7- 9 || total
-------------------------+-------+-------+-------++-------
Melee: War axe           |    81 |   169 |   195 ||   445
Throw: Boomerang         |       |       |    19 ||    19
  Use: Scroll            |     2 |     2 |     4 ||     8
       Potion            |       |       |     1 ||     1
Armor: Scale mail        |    34 |    97 |     9 ||   140
       Chain mail        |       |       |    56 ||    56
       Plate armour      |       |       |    52 ||    52
Dodge: Dodged            |    43 |    69 |    80 ||   192
Block: Buckler           |    24 |    23 |    36 ||    83

Table legend:
 A = Non-vault XP
 B = Vault XP
 C = Vault XP percentage of total XP
 D = Non-vault monster count
 E = Vault monster count
 F = Vault count percentage of total count
                 A         B        C        D         E       F
            +---------+---------+-------+---------+---------+-------
      Total |    1369 |     459 |  25.1 |     117 |       4 |   3.3
            +---------+---------+-------+---------+---------+-------
        D:1 |      32 |       0 |   0.0 |      19 |       0 |   0.0
        D:2 |      30 |     214 |  87.7 |      15 |       1 |   6.2
        D:3 |     350 |      70 |  16.7 |      36 |       2 |   5.3
        D:4 |     358 |     175 |  32.8 |      31 |       1 |   3.1
        D:5 |     458 |       0 |   0.0 |       8 |       0 |   0.0
        D:6 |     141 |       0 |   0.0 |       8 |       0 |   0.0
            +---------+---------+-------+---------+---------+-------
